 Dungeon Crawl Stone Soup version 0.23.1-44-gbd83930989 (webtiles) character file.

Game seed: 8249456990433123863

200 Gargoyl the Skirmisher (level 5, -1/45 HPs)
             Began as a Centaur Abyssal Knight on Mar 30, 2019.
             Was a Believer of Lugonu.
             Slain by an iguana (12 damage)
             ... on level 4 of the Dungeon.
             The game lasted 00:07:03 (3993 turns).

Gargoyl the Skirmisher (Centaur Abyssal Knight)     Turns: 3993, Time: 00:07:04

Health: -1/45      AC:  9    Str: 15    XL:     5   Next: 49%
Magic:  7/7        EV:  6    Int: 14    God:    Lugonu [**....]
Gold:   279        SH:  7    Dex:  7    Spells: 4/4 levels left

rFire    . . .     SeeInvis .   a - +1 hand axe
rCold    . . .     Gourm    .   f - +0 shield
rNeg     . . .     Faith    .   d - +2 leather armour "Nearail" {rElec rPois rCorr Int+3}
rPois    +         Spirit   .   (no helmet)
rElec    +         Reflect  .   m - +0 cloak
rCorr    +         Harm     .   b - +0 pair of gloves
MR       .....     Rnd*Tele +   (no barding)
Stlth    ..........             (no amulet)
HPRegen  0.15/turn              l - ring of teleportation (curse)
MPRegen  0.10/turn              o - -2 ring of dexterity (curse)

@: very quick
A: large, hooves 3, deformed body, speed 2, tough skin 3
a: Depart the Abyss, Bend Space, Renounce Religion


You were on level 4 of the Dungeon.
You worshipped Lugonu.
Lugonu was pleased with you.
You were hungry.

You visited 1 branch of the dungeon, and saw 4 of its levels.
You visited the Abyss 1 time.

You collected 279 gold pieces.

Inventory:

Hand Weapons
 a - a +1 hand axe (weapon)
Armour
 b - a +0 pair of gloves (worn)
 d - the +2 leather armour "Nearail" (worn) {rElec rPois rCorr Int+3}
   (You found it on level 2 of the Abyss)

   It affects your intelligence (+3).
   It insulates you from electricity.
   It protects you from poison.
   It provides partial protection from all sources of acid and corrosion.
 f - a +0 shield (worn)
 m - a +0 cloak (worn)
Jewellery
 l - a cursed ring of teleportation (left hand)
 o - a cursed -2 ring of dexterity (right hand)
 p - an uncursed ring of fire {unknown}
 r - an uncursed ring of poison resistance {unknown}
Scrolls
 j - 4 scrolls of teleportation
 k - a scroll of fog
 q - a scroll of identify
Potions
 e - a potion of heal wounds
 g - a potion of agility {unknown}
 h - a potion of magic
 i - a potion of brilliance {unknown}
Comestibles
 c - 6 rations


   Skills:
 + Level 3.6 Fighting
 + Level 2.9 Axes
 * Level 2.2 Armour
 + Level 1.4 Dodging
 * Level 1.3 Shields
 * Level 3.0 Invocations


You had 4 spell levels left.
You didn't know any spells.
Your spell library was empty.

Dungeon Overview and Level Annotations

Branches:
Dungeon (4/15)
 Temple: D:4-7

Altars:
Elyvilon
Gozag
Trog

Annotations:
D:3 3 runed translucent doors, Starbucks's ghost, amateur BaFi


Innate Abilities, Weirdness & Mutations

You have hooves in place of feet.
Armour fits poorly on your strangely shaped body.
You cover ground very quickly.
You have extremely tough skin. (AC +3)


Message History

An ogre comes into view. It is wielding a +0 giant club.
The ogre shouts!
An ogre is nearby!
An iguana comes into view.
The iguana hisses angrily.
The iguana bites you.
You closely miss the iguana. The iguana bites you! The iguana bites you.
You barely miss the iguana. You block the iguana's attack.
You hit the iguana.
The iguana is moderately wounded.
The iguana bites you!
You hit the iguana but do no damage. You kick the iguana.
The iguana is severely wounded.
The iguana bites you. x2
* * * LOW HITPOINT WARNING * * *
You hit the iguana.
The iguana is severely wounded.
The iguana bites you!
You die...

####### #.†...# ###
#.###.######### ##.## #.#
#..........
########.#.######.###.#########
........###...........#
########.#.###.######## ##.##
#l# ########.# #@# .).......#
#.# # ########.# #.# # #.# #.#
# #######.# #.# # #.......# .>.
# ....####.###.#. . .<####...#.
. .......#.#


You could see an iguana.

Vanquished Creatures
  An orc wizard (D:3)
  7 adders
  4 worms
  A dart slug (D:2)
  3 leopard geckos
  13 orcs
  7 bats
  5 giant cockroaches
  9 goblins
  11 hobgoblins
  2 jackals (D:2)
  2 quokkas
  5 frilled lizards
  3 kobolds
  8 rats
81 creatures vanquished.

Notes
Turn   | Place    | Note
-------+----------+-------------------------------------------
     0 | Abyss:1  | Gargoyl the Centaur Abyssal Knight began the quest for the
                  | Orb.
     0 | Abyss:1  | Reached XP level 1. HP: 19/19 MP: 2/2
   120 | Abyss:2  | Noticed an ancient zyme
   160 | Abyss:2  | Noticed a bone dragon
   207 | Abyss:2  | Got a smoking leather armour
   218 | Abyss:2  | Identified the +2 leather armour "Nearail" {rElec rPois
                  | rCorr Int+3} (You found it on level 2 of the Abyss)
   243 | Abyss:2  | Noticed a quasit
   260 | Abyss:2  | Noticed a chaos spawn
   274 | Abyss:2  | Noticed a chaos spawn
   284 | D:1      | Escaped the Abyss
   468 | D:1      | Reached * piety under Lugonu
   468 | D:1      | Reached XP level 2. HP: 17/26 MP: 3/3
  1482 | D:1      | Reached skill level 1 in Dodging
  1482 | D:1      | Reached XP level 3. HP: 30/31 MP: 4/4
  1943 | D:2      | Reached XP level 4. HP: 38/38 MP: 5/5
  2425 | D:2      | Reached ** piety under Lugonu
  2499 | D:2      | Found a white marble altar of Elyvilon.
  2533 | D:2      | Found a bloodstained altar of Trog.
  2705 | D:3      | Reached skill level 1 in Shields
  2705 | D:3      | Reached XP level 5. HP: 13/45 MP: 7/7
  3108 | D:3      | Found a runed translucent gate.
  3108 | D:3      | Found a runed translucent gate.
  3108 | D:3      | Found an opulent altar of Gozag.
  3108 | D:3      | Noticed Starbucks's ghost (amateur BaFi)
  3109 | D:3      | Found a runed translucent gate.
  3859 | D:4      | Noticed an ogre
  3963 | D:4      | Noticed an ogre
  3993 | D:4      | Slain by an iguana

Skill      XL: |  1  2  3  4  5 |
---------------+----------------+-----
Axes           | 2 |  2.9
Dodging        | 1 |  1.4
Armour         | 2 |  2.2
Shields        | 1 |  1.3
Invocations    | 3 |  3.0
Fighting       | |  3.6

Action                   |  1- 3 |  4- 6 || total
-------------------------+-------+-------++-------
Melee: Hand axe          |   105 |   173 ||   278
       Kick              |    15 |    31 ||    46
Invok: Depart the Abyss  |     1 |       ||     1
  Use: Scroll            |     5 |     2 ||     7
       Potion            |     1 |       ||     1
  Eat: Chunk             |     2 |     5 ||     7
Armor: Leather armour    |    54 |    72 ||   126
Dodge: Dodged            |    50 |    51 ||   101
Block: Shield            |    39 |    48 ||    87
